 Dungeon Crawl Stone Soup version 0.16.2-12-gd0ad4c3 (webtiles) character file.

298 magipi the Chopper (level 6, -4/48 HPs)
             Began as a Ghoul Gladiator on Oct 12, 2015.
             Was an Initiate of Makhleb.
             Slain by an ogre
             ... wielding a +0 giant spiked club
              (24 damage)
             ... on level 5 of the Dungeon.
             The game lasted 00:14:03 (2169 turns).

magipi the Chopper (Ghoul Gladiator)                Turns: 2169, Time: 00:14:03

Health: -4/48      AC:  9    Str: 19    XL:     6   Next: 35%
Magic:  5/5        EV:  8    Int:  4    God:    Makhleb [......]
Gold:   181        SH:  0    Dex: 10    Spells: 0 memorised, 5 levels left

rFire  . . .     SeeInvis .     a - +0 war axe
rCold  + . .     Clarity  .     b - +0 chain mail
rNeg   + + +     SustAb   .     (no shield)
rPois  ∞         Gourm    .     c - +0 helmet
rElec  .         Spirit   .     (no cloak)
rCorr  .         Warding  .     (no gloves)
rMut   .         Stasis   .     (no boots)
MR     .....                    (no amulet)
Stlth  ..........               (no ring)
                                (no ring)

@: rotting, not resistant to hostile enchantments, extremely unstealthy
A: rotting body, claws 1, carnivore 3, cold resistance 1, negative energy
resistance 3, poison resistance, slow healing 1, torment resistance, unbreathing
a: Renounce Religion


You were on level 5 of the Dungeon.
You worshipped Makhleb.
Makhleb was noncommittal.
You were not hungry.

You visited 2 branches of the dungeon, and saw 6 of its levels.

You collected 181 gold pieces.

Inventory:

Hand weapons
 a - a +0 war axe (weapon)
Missiles
 t - 18 poisoned needles
Armour
 b - a +0 chain mail (worn)
 c - a +0 helmet (worn)
 i - a +0 ring mail
 w - the cursed -4 leather armour of Ryh Usaa {+Inv rC+ Str+6 Dex-4 Stlth-, unknown}
   (You found it on level 4 of the Dungeon)

   It affects your strength (+6).
   It affects your dexterity (-4).
   It protects you from cold.
   It lets you turn invisible.
   It makes you less stealthy.
   It has a curse placed upon it.
Jewellery
 k - a +3 ring of dexterity {unknown}
 m - an uncursed ring of ice {unknown}
 n - an uncursed ring of see invisible {unknown}
 o - a cursed ring of teleportation {unknown}
Magical devices
 u - a wand of digging (5)
Scrolls
 e - 3 scrolls of remove curse {unknown}
 j - a scroll of random uselessness {unknown}
 l - a scroll of noise {unknown}
 q - 2 scrolls of identify {unknown}
 r - a scroll of teleportation {unknown}
 v - a scroll of recharging {unknown}
 y - a scroll of enchant armour {unknown}
Potions
 g - a potion of haste {unknown}
 p - a potion of brilliance {unknown}
 s - a potion of invisibility {unknown}
Comestibles
 f - a beef jerky
 h - a meat ration
 x - 9 chunks of flesh


   Skills:
 - Level 2.1 Fighting
 + Level 6.2 Axes
 - Level 2.1 Throwing
 - Level 2.6 Dodging


You had 5 spell levels left.
You didn't know any spells.

Dungeon Overview and Level Annotations

Branches:
Dungeon (5/15)             Temple (1/1) D:4

Altars:
Elyvilon
Makhleb
Okawaru
Ru
Sif Muna
Vehumet
Zin

Shops:
D:4 }

Annotations:
D:3 dearth's ghost, average MiFi
D:4 Typee's ghost, average HEWr
D:5 Snowclone's ghost, experienced HuWz


Innate Abilities, Weirdness & Mutations

Your body is rotting away.
You thrive on raw meat.
You have sharp fingernails.
You are carnivorous and can eat meat at any time.
Your flesh is cold resistant.
You are immune to negative energy.
Your system is resistant to poisons.
You heal slowly when monsters are visible.
You are immune to unholy pain and torment.
You can survive without breathing.

Vault maps used:
D:1:      sevenhm_arrival_forest_fort_large_2
D:2:      minmay_crystal_room
D:3:      first_bread, serial_bayou_pond_c, okawaru_ov_weapons_minmay
D:4:      minmay_temple_entry_statues_fountains, serial_shops,
          nicolae_shop_stone
D:5:      kennysheep_generic_room_9
Temple:   grunt_circular_temple_18


Message History

Unknown command.
There is a stone staircase leading down here.
You climb downwards.
Level annotation: Snowclone's ghost, experienced HuWz
Found 8 gold pieces.
There is a stone staircase leading up here.
You now have 154 gold pieces (gained 8).
There is a stone staircase leading up here.
Found an escape hatch in the floor.
Found 14 gold pieces.
You now have 168 gold pieces (gained 14).
A phantom comes into view.
You slash the phantom!
The phantom is moderately damaged.
The phantom hits you but does no damage.
Your chain mail prevents you from hitting the phantom.
The phantom is moderately damaged.
The phantom closely misses you.
Your chain mail prevents you from hitting the phantom.
The phantom is moderately damaged.
The phantom hits you but does no damage.
The phantom hits you.
The phantom blinks!
Found 13 gold pieces.
You slash the phantom!
The phantom is heavily damaged.
The phantom barely misses you. The phantom hits you.
The phantom blinks!
You miss the phantom.
The phantom is moderately damaged.
The phantom hits you. The phantom barely misses you.
You hit the phantom.
The phantom is heavily damaged.
The phantom hits you but does no damage.
You completely miss the phantom.
The phantom is heavily damaged.
The phantom hits you.
The phantom blinks!
You barely miss the phantom.
The phantom is heavily damaged.
The phantom hits you but does no damage.
You slash the phantom!
The phantom is severely damaged.
The phantom hits you but does no damage.
You hit the phantom but do no damage.
The phantom is severely damaged.
The phantom hits you.
The phantom hits you but does no damage.
You closely miss the phantom.
The phantom is severely damaged.
The phantom hits you but does no damage.
You closely miss the phantom.
The phantom is severely damaged.
The phantom blinks!
The phantom blinks!
You now have 181 gold pieces (gained 13).
Found an inky potion.
An ogre comes into view. It is wielding a giant spiked club.
The ogre shouts!
The phantom blinks!
The phantom closely misses you. The phantom hits you.
The phantom blinks!
The phantom blinks!
Throwing (i - inventory):
d - 2 throwing nets (quivered)
Press: ? - help, Shift-Dir - straight line, f - ogre
Aim: an ogre, wielding a giant spiked club You throw a throwing net.
The throwing net closely misses the ogre.
The ogre closely misses you.
Unknown command.
Throwing (i - inventory):
d - a throwing net (quivered)
Press: ? - help, Shift-Dir - straight line, f/p - ogre
Aim: an ogre, wielding a giant spiked club You throw a throwing net.
The throwing net hits the ogre.
The ogre is caught in the net!
The ogre struggles against the net.
Unknown command.
You hit the ogre.
The ogre is lightly wounded.
The ogre struggles against the net.
You hit the ogre.
The ogre is lightly wounded.
The ogre struggles against the net. x2
You hit the ogre but do no damage.
The ogre is lightly wounded.
The ogre struggles against the net.
The net rips apart, and the ogre comes free!
You closely miss the ogre.
The ogre is lightly wounded.
The ogre barely misses you.
Firing (i - inventory): No suitable missiles.
Press: ? - help, Shift-Dir - straight line, f/p - ogre
Aim: an ogre, wielding a giant spiked club (lightly wounded)
Okay, then.
Unknown command.
You hit the ogre but do no damage.
The ogre is lightly wounded.
The ogre hits you with a giant spiked club!!
You hit the ogre.
The ogre is moderately wounded.
The phantom barely misses you.
The ogre hits you with a giant spiked club!!
Ouch! That really hurt!
You die...

### ##.#####... #.#
##.## .# ## #.##
##...## #.###..#
##..>..#
#.....###..#####
#...#..(.##
#.....##..#
#####.....##.O###
##...#......##W@.###
#..#....#....#.....#
. #..§..###.....####
.###..#..# ##....#
..#..###..# #.....#
#....# #..# #..##..#
###.## #......##
#..# ##!# .......#
#.. ..O..##.... .


You could see a phantom and an ogre.

Table legend:
 A = Kills in this place as a percentage of kills in entire the game.
 B = Kills by you in this place as a percentage of kills by you in the entire game.
 C = Kills by friends in this place as a percentage of kills by friends in the entire game.
 D = Other kills in this place as a percentage of other kills in the entire game.
 E = Experience gained in this place as a percentage of experience gained in the entire game.
 F = Experience gained in this place divided by the number of levels of this place that you have seen.
                   A       B       C       D       E      F
               +-------+-------+-------+-------+-------+----------------------
         Total | 100.0 | 100.0 |  -nan |  -nan | 100.0 |  71.0
       Dungeon | 100.0 | 100.0 |  -nan |  -nan | 100.0 |  85.2
               +-------+-------+-------+-------+-------+----------------------

Vanquished Creatures
  A centaur (D:5)
  An orc priest (D:4)
  An orc wizard (D:4)
  A worker ant (D:4)
  An iguana (D:3)
  3 adders
  A worm (D:4)
  2 adder skeletons
  2 giant geckos
  4 orcs (D:4)
  3 ball pythons
  2 giant cockroaches
  7 hobgoblins
  8 jackals
  2 quokkas
  11 bats
  A giant newt (D:1)
  6 goblins
  7 kobolds
  6 rats
70 creatures vanquished.

Notes
Turn   | Place    | Note
--------------------------------------------------------------
     0 | D:1      | magipi, the Ghoul Gladiator, began the quest for the Orb.
     0 | D:1      | Reached XP level 1. HP: 17/17 MP: 1/1
   526 | D:2      | Reached skill level 3 in Axes
   526 | D:2      | Reached XP level 2. HP: 24/24 MP: 2/2
   697 | D:1      | Reached XP level 3. HP: 20/29 MP: 3/3
  1067 | D:3      | Found an iron altar of Okawaru.
  1254 | D:3      | Reached skill level 4 in Axes
  1293 | D:3      | Reached XP level 4. HP: 36/36 MP: 3/3
  1295 | D:3      | Noticed dearth's ghost (average MiFi)
  1432 | D:4      | Noticed Typee's ghost (average HEWr)
  1527 | D:4      | Got a shimmering leather armour
  1604 | D:5      | Entered Level 5 of the Dungeon
  1604 | D:5      | Noticed a centaur
  1617 | D:5      | Killed a centaur
  1617 | D:5      | Reached skill level 5 in Axes
  1617 | D:5      | Reached XP level 5. HP: 33/41 MP: 4/4
  1633 | D:5      | Noticed Snowclone's ghost (experienced HuWz)
  1649 | D:4      | Found a staircase to the Ecumenical Temple.
  1672 | Temple   | Entered the Ecumenical Temple
  1681 | Temple   | Became a worshipper of Makhleb the Destroyer
  1964 | D:4      | Found Zuceaq's Gadget Shop.
  1976 | D:4      | Reached XP level 6. HP: 48/48 MP: 5/5
  2039 | D:4      | Reached skill level 6 in Axes
  2112 | D:5      | Noticed a phantom
  2146 | D:5      | Noticed an ogre
  2169 | D:5      | Slain by an ogre

Action                   |  1- 3 |  4- 6 || total
-------------------------+-------+-------++-------
Melee: War axe           |   139 |   127 ||   266
Throw: Throwing net      |       |     3 ||     3
  Eat: Chunk             |    14 |    13 ||    27

Action                   |  1- 3 |  4- 6 || total
-------------------------+-------+-------++-------
Melee: War axe           |   139 |   127 ||   266
Throw: Throwing net      |       |     3 ||     3
  Eat: Chunk             |    14 |    13 ||    27

Action                   |  1- 3 |  4- 6 || total
-------------------------+-------+-------++-------
Melee: War axe           |   139 |   127 ||   266
Throw: Throwing net      |       |     3 ||     3
  Eat: Chunk             |    14 |    13 ||    27
